 Dungeon Crawl Stone Soup version 0.22-a0-603-gfc1114d (webtiles) character file.

872 sking99 the Insei (level 7, -13/57 HPs)
             Began as a Purple Draconian Transmuter on July 7, 2018.
             Was an Initiate of Ru.
             Mangled by an ogre
             ... wielding a +0 giant club
              (20 damage)
             ... on level 6 of the Dungeon.
             The game lasted 00:15:27 (7329 turns).

sking99 the Insei (Purple Draconian Transmuter)     Turns: 7329, Time: 00:15:28

Health: -13/57     AC:  7    Str: 12    XL:     7   Next: 74%
Magic:  12/12      EV: 11    Int: 14    God:    Ru [......]
Gold:   154        SH:  0    Dex: 17    Spells: 10/13 levels left

rFire    . . .     SeeInvis +     - Unarmed
rCold    . . .     Gourm    .   (no shield)
rNeg     . . .     Faith    .   (armour unavailable)
rPois    .         Spirit   .   (helmet restricted)
rElec    +         Reflect  .   h - +0 cloak
rCorr    .         Harm     .   (no gloves)
MR       +....                  (no boots)
Stlth    ..........             (no amulet)
HPRegen  0.19/turn              r - ring of Mucedump {rElec Dex+4 Slay+3 SInv Stlth-}
MPRegen  0.13/turn              (no ring)

@: confused, berserk cooldown, slowed, heavily drained, very slow
A: breathe power, unfitting armour, cold-blooded, AC +6
a: Breathe Dispelling Energy, Renounce Religion


You were on level 6 of the Dungeon.
You worshipped Ru.
Ru was noncommittal.
You were not hungry.

You visited 2 branches of the dungeon, and saw 7 of its levels.

You collected 154 gold pieces.

Inventory:

Hand Weapons
 p - the +9 rapier "Veniestu" {drain, *Slow MP+9 Str+4 Dex+10}
   (You found it on level 4 of the Dungeon)

   A truly terrible weapon, it drains the life of those it strikes.
   It affects your strength (+4).
   It affects your dexterity (+10).
   It affects your magic capacity (+9).
   It may slow you when you take damage.
Missiles
 a - 33 arrows
 n - 2 throwing nets (quivered)
Armour
 h - a +0 cloak (worn)
Jewellery
 r - the ring of Mucedump (left hand) {rElec Dex+4 Slay+3 SInv Stlth-}
   (You found it on level 6 of the Dungeon)

   [ring of loudness]

   It affects your dexterity (+4).
   It affects your accuracy and damage with ranged weapons and melee attacks
   (+3).
   It insulates you from electricity.
   It lets you see invisible.
   It makes you less stealthy.
Scrolls
 d - 2 scrolls of immolation
 e - a scroll of magic mapping
 f - a scroll of blinking
 i - 2 scrolls of remove curse
Potions
 b - a potion of magic {unknown}
 g - a potion of degeneration {unknown}
 l - a potion of brilliance
 m - a potion of ambrosia
Comestibles
 c - 8 rations


   Skills:
 + Level 3.3(1.8) Fighting
 + Level 2.1(0.6) Dodging
 * Level 7.1(5.3) Unarmed Combat
 - Level 3.6(2.0) Spellcasting
 + Level 4.5(2.9) Transmutations


You had 10 spell levels left.
You knew the following spells:

 Your Spells              Type           Power        Failure   Level  Hunger
a - Beastly Appendage     Tmut           #.....       7%          1    ##.....
b - Sticks to Snakes      Tmut           #.......     11%         2    ###....

Your spell library contained the following spells:

 Spells                   Type           Power        Failure   Level  Hunger
 Spider Form              Tmut/Pois      #.........   36%         3    ####...
 Blade Hands              Tmut           #.........   89%         5    ######.
 Ice Form                 Ice/Tmut       #.......     78%         4    #####..


Dungeon Overview and Level Annotations

Branches:
Dungeon (6/15)             Temple (1/1) D:5

Altars:
Ashenzari
Cheibriados
Dithmenos
Elyvilon
Fedhas
Hepliaklqana
Nemelex Xobeh
Okawaru
Qazlal
Ru
Sif Muna
Trog
Uskayaw
Vehumet
Wu Jian
Xom
Zin
The Shining One

Shops:
D:4 =

Annotations:
D:6 Pikel


Innate Abilities, Weirdness & Mutations

You can breathe bolts of dispelling energy.
Your rich purple scales are hard. (AC +6)
You cannot fit into any form of body armour.
You are cold-blooded and may be slowed by cold attacks.


Message History

The ogre is moderately wounded.
The ogre hits you but does no damage.
A wight comes into view. It is wielding a trident.
You barely miss the ogre.
The ogre is moderately wounded.
You feel yourself speed up.
You are no longer berserk.
You are exhausted.
You feel yourself slow down.
You are confused.
You feel invigorated. The wight barely misses you.
The ogre hits you with a giant club!
* * * LOW HITPOINT WARNING * * *
The wight barely misses you.
You completely miss the ogre.
You tail-slap the ogre, but do no damage.
The ogre is moderately wounded.
The ogre hits you with a giant club.
* * * LOW HITPOINT WARNING * * *
The wight closely misses you. The ogre hits you with a giant club!!
You die...

##....?.##
#........#
#........
.......
...... z...#
#O#.# #@#.#
#+#
#.#.######
#.#
#........#
#.#
#......####.#
###.###
######## #.#
#......
#.###.....#
#.#.......#
#.#.......#
#.........#


You could see an ogre and a wight.

Vanquished Creatures
  Duvessa (D:4)
  2 wights (D:6)
  2 crimson imps
  A bullfrog zombie (D:5)
  2 hounds
  A centaur skeleton (D:6)
  2 orc priests
  3 worker ants
  A howler monkey zombie (D:5)
  8 gnolls
  5 adders
  A howler monkey skeleton (D:4)
  A shadow imp (D:5)
  An ooze (D:4)
  2 worms (D:3)
  2 dart slugs
  2 leopard geckos
  23 orcs
  A ball python (D:1)
  7 giant cockroaches
  8 goblins
  11 hobgoblins
  9 jackals
  6 kobolds
  A quokka (D:4)
  12 bats
  6 frilled lizards
  10 rats
131 creatures vanquished.

Vanquished Creatures (collateral kills)
  Dowan (D:4)
  A worker ant (D:3)
  An adder (D:3)
  A dart slug (D:3)
  A kobold (D:3)
5 creatures vanquished.

Grand Total: 136 creatures vanquished

Notes
Turn   | Place    | Note
-------+----------+-------------------------------------------
     0 | D:1      | sking99 the Draconian Transmuter began the quest for the Orb.
     0 | D:1      | Reached XP level 1. HP: 16/16 MP: 3/3
   107 | D:1      | Reached XP level 2. HP: 12/24 MP: 5/5
   581 | D:1      | Reached XP level 3. HP: 28/29 MP: 6/6
   585 | D:1      | Learned a level 2 spell: Sticks to Snakes
  1090 | D:2      | Reached skill level 4 in Unarmed Combat
  1942 | D:3      | Reached XP level 4. HP: 24/37 MP: 7/7
  2318 | D:3      | Reached XP level 5. HP: 43/44 MP: 8/8
  2817 | D:3      | Reached skill level 5 in Unarmed Combat
  3312 | D:4      | Got a transparent rapier
  3313 | D:4      | Identified the +9 rapier "Veniestu" {drain, *Slow MP+9 Str+4 Dex+10} (You found it on level 4 of the Dungeon)
  3402 | D:4      | Noticed Dowan
  3405 | D:4      | Noticed Duvessa
  3450 | D:4      | Killed Duvessa
  3450 | D:4      | Reached XP level 6. HP: 32/51 MP: 6/9
  3570 | D:4      | Killed Dowan
  4397 | D:4      | Found Voghoit's Jewellery Boutique.
  4640 | D:4      | Reached skill level 6 in Unarmed Combat
  5037 | D:4      | Your scales start taking on a rich purple colour.
  5037 | D:4      | Reached XP level 7. HP: 55/57 MP: 12/12
  5353 | D:5      | Entered Level 5 of the Dungeon
  5377 | D:5      | Found a staircase to the Ecumenical Temple.
  5386 | Temple   | Entered the Ecumenical Temple
  5550 | Temple   | Became a worshipper of Ru the Awakened
  5943 | D:5      | Found a shimmering altar of Xom.
  5944 | D:5      | Found a deep blue altar of Sif Muna.
  6644 | D:6      | Got a warped glass ring
  6645 | D:6      | Identified the ring of Mucedump {rElec Dex+4 Slay+3 SInv Stlth-} (You found it on level 6 of the Dungeon)
  6668 | D:6      | Noticed Pikel
  7027 | D:6      | Reached skill level 7 in Unarmed Combat
  7317 | D:6      | HP: 1/57 [wight/falchion of freezing (4)]
  7329 | D:6      | Mangled by an ogre

Vault maps used:
D:1:      lemuel_arrival_funnel
D:2:      first_ration
D:4:      corexii_shack_village, serial_shops, kennysheep_mini_moat,
          uniq_duvessa
D:5:      gammafunk_temple_overflow_pools, minmay_temple_entry_trees,
          st_stairs_12
D:6:      overflow_temple_1_default, serial_bayou_crossing, uniq_pikel
Temple:   eino_temple_rhombus

Skill      XL: |  1  2  3  4  5  6  7 |
---------------+----------------------+-----
Fighting       | 2 3 |  3.3
Unarmed Combat | 4 5 6 7 |  7.1
Transmutations | 3 4 |  4.5
Spellcasting   | 3 |  3.6
Dodging        | 2 |  2.1

Action                   |  1- 3 |  4- 6 |  7- 9 || total
-------------------------+-------+-------+-------++-------
Melee: Unarmed           |   143 |   316 |   147 ||   606
       Punch             |     2 |     2 |     1 ||     5
       Tailslap          |     7 |    38 |    21 ||    66
       Headbutt          |       |     2 |       ||     2
 Cast: Sticks to Snakes  |     1 |    13 |     5 ||    19
       Beastly Appendage |       |     2 |     1 ||     3
 Abil: Breathe Dispellin |       |       |     1 ||     1
  Use: Potion            |       |     5 |     3 ||     8
       Scroll            |       |       |     9 ||     9
 Stab: Sleeping          |     1 |     1 |     1 ||     3
       Distracted        |       |     2 |       ||     2
  Eat: Chunk             |     3 |     8 |     8 ||    19
       Ration            |       |     1 |       ||     1
Armor: Skin              |    42 |    79 |    47 ||   168
Dodge: Dodged            |    96 |   170 |    85 ||   351

Table legend:
 A = Spawn XP
 B = Non-spawn XP
 C = Spawn XP percentage of total XP
 D = Spawn monster count
 E = Non-spawn monster count
 F = Spawn count percentage of total count
 G = Total turns spent on level
                    A         B        C        D         E        F      G
               +---------+---------+-------+---------+---------+-------+---------
         Total |       0 |    1246 |   0.0 |       0 |     136 |   0.0 |  7329
               +---------+---------+-------+---------+---------+-------+---------
           D:1 |       0 |      50 |   0.0 |       0 |      22 |   0.0 |  1046
           D:2 |       0 |      42 |   0.0 |       0 |      21 |   0.0 |   885
           D:3 |       0 |     197 |   0.0 |       0 |      42 |   0.0 |  1521
           D:4 |       0 |     462 |   0.0 |       0 |      28 |   0.0 |  1901
           D:5 |       0 |     276 |   0.0 |       0 |      17 |   0.0 |  1181
           D:6 |       0 |     219 |   0.0 |       0 |       6 |   0.0 |   624
               +---------+---------+-------+---------+---------+-------+---------
